 Dungeon Crawl Stone Soup version 0.30-a0-339-g89bb51ec76 (webtiles) character file.

Game seed: 3929419894884608647

289 LnG the Caller (level 6, -1/33 HPs)
             Began as a Kobold Summoner on Oct 31, 2022.
             Slain by a quokka (3 damage)
             ... on level 3 of the Dungeon.
             The game lasted 00:06:34 (3080 turns).

LnG the Caller (Kobold Summoner)                    Turns: 3080, Time: 00:06:34

Health: -1/33      AC:  3    Str:  5    XL:     6   Next: 57%
Magic:  11/11      EV: 16    Int: 18    God:
Gold:   89         SH:  0    Dex: 16    Spells: 3/12 levels left

rFire   . . .      SeeInvis .    l - +0 dagger
rCold   . . .      Faith    .    (no shield)
rNeg    . . .      Spirit   .    a - +0 robe
rPois   .          Reflect  .    e - +0 helmet
rElec   .          Harm     .    (no cloak)
rCorr   .          Rampage  .    (no gloves)
Will    .....                    (no boots)
Stlth   ++++......               (no amulet)
HPRegen 0.25/turn                (no ring)
MPRegen 0.12/turn                (no ring)

@: no status effects
A: small, no large weapons, nightstalker 3
a: no special abilities


You were on level 3 of the Dungeon.
You visited 1 branch of the dungeon, and saw 3 of its levels.

You collected 89 gold pieces.

Inventory:

Hand Weapons
 l - a +0 dagger (weapon)
 n - a +1 dagger of venom
Missiles
 i - a throwing net
Armour
 a - a +0 robe (worn)
 e - a +0 helmet (worn)
Wands
 h - a wand of polymorph (8)
Scrolls
 d - 3 scrolls of identify {unknown}
 j - 4 scrolls of immolation {unknown}
 m - a scroll of enchant weapon {unknown}
Potions
 b - a potion of magic
 c - a potion of lignification
 f - a potion of might {unknown}
 g - 2 potions of attraction {unknown}
 k - a potion of haste {unknown}


   Skills:
 + Level 0.4 Fighting
 + Level 1.2 Short Blades
 * Level 3.8 Dodging
 * Level 5.2 Stealth
 + Level 3.6 Spellcasting
 + Level 5.2 Summonings


You had 3 spell levels left.
You knew the following spells:

 Your Spells              Type           Power      Damage    Failure   Level
a - Summon Small Mammal   Summ           88%        N/A       1%          1
b - Call Imp              Summ           22%        N/A       2%          2
c - Call Canine Familiar  Summ           22%        N/A       5%          3
d - Summon Guardian Gole  Hex/Summ       12%        N/A       16%         3

Your spell library contained the following spells:

 Spells                   Type           Power      Damage    Failure   Level
 Necrotise                Necr           12%        1d4       16%         1
 Ensorcelled Hibernation  Hex/Ice        6%         N/A       24%         2
 Spider Form              Tmut/Pois      3%         N/A       43%         3
 Vampiric Draining        Necr           3%         2d6       43%         3
 Summon Lightning Spire   Summ/Air       12%        N/A       45%         4
 Anguish                  Hex/Necr       1%         N/A       83%         4
 Agony                    Necr           3%         N/A       99%         5


Dungeon Overview and Level Annotations

Branches:
Dungeon (3/15)

Altars:

Annotations:
D:3 Robin


Innate Abilities, Weirdness & Mutations

You are small and have problems with some larger weapons.
You are completely attuned to the shadows.


Message History

The goblin dies!
Your crimson imp blinks!
The goblin closely misses your hound. Something barely misses your hound.
Your hound barely misses the goblin.
The goblin barely misses your hound. Something barely misses your hound.
Your hound bites the goblin.
Your hound closely misses the goblin.
The goblin hits your hound with a +0 dagger.
Something barely misses your hound.
Your hound bites the goblin.
The goblin dies!
Something hits your hound.
A quokka comes into view.
Your hound bites the hobgoblin.
The hobgoblin dies!
You swap places.
You closely miss the quokka. The quokka bites you.
Your crimson imp barely misses the quokka.
You hit the quokka but do no damage. The quokka misses you.
Your crimson imp hits the quokka.
You barely miss the quokka.
The quokka is lightly wounded.
The quokka barely misses you. The quokka bites you.
You closely miss the quokka.
The quokka is lightly wounded.
Your hound closely misses the quokka.
Your crimson imp barely misses the quokka.
The quokka bites you.
* * * LOW HITPOINT WARNING * * *
You hit the quokka but do no damage.
The quokka is lightly wounded.
Your crimson imp disappears in a puff of smoke!
Your hound misses the quokka. The quokka bites you.
* * * LOW HITPOINT WARNING * * *
Robin hits you with a +0 dagger.
* * * LOW HITPOINT WARNING * * *
Robin attacks as you move away! Robin hits you with a +0 dagger.
* * * LOW HITPOINT WARNING * * *
Your hound bites the quokka but does no damage.
The quokka bites you.
You die...

####...#####.#####
#.........#####.#
#>..##.###......##
. ##.#..... . ..
#)#...# .g #.#
##)†...#)g.
#.###)#..gg)gg.
###.r.g##.5.###..
....@h<##...###
###.#.†##.......
#.#..##.######
#.......#
.......## #.##.#.#
#. #.#.# #....


You could see Robin, a quokka (ally target) and a friendly hound (summoned).

Vanquished Creatures
  3 worms
  A dart slug (D:2)
  2 bats
  An endoplasm (D:3)
  4 goblins
  2 hobgoblins (D:2)
  A quokka (D:1)
  A ball python (D:1)
  2 frilled lizards
  2 rats
19 creatures vanquished.

Vanquished Creatures (collateral kills)
  Sigmund (D:3)
  3 gnolls (D:2)
  3 adders (D:2)
  A worm (D:2)
  A dart slug (D:1)
  5 endoplasms
  7 goblins (D:3)
  7 hobgoblins
  A quokka (D:2)
  3 ball pythons
  2 kobolds (D:2)
  A rat (D:2)
35 creatures vanquished.

Grand Total: 54 creatures vanquished

Notes
Turn   | Place    | Note
-------+----------+-------------------------------------------
     0 | D:1      | LnG the Kobold Summoner began the quest for the Orb.
     0 | D:1      | Reached XP level 1. HP: 10/10 MP: 3/3
   398 | D:1      | Reached XP level 2. HP: 14/15 MP: 1/5
   401 | D:1      | Learned a level 2 spell: Call Imp
  1240 | D:2      | Reached XP level 3. HP: 19/19 MP: 3/6
  1258 | D:2      | Learned a level 3 spell: Call Canine Familiar
  1777 | D:2      | Reached XP level 4. HP: 5/24 MP: 5/8
  2637 | D:2      | Reached XP level 5. HP: 8/28 MP: 2/9
  2725 | D:2      | Learned a level 3 spell: Summon Guardian Golem
  2949 | D:3      | Noticed Sigmund
  2958 | D:3      | Killed Sigmund
  2959 | D:3      | Reached skill level 1 in Short Blades
  2959 | D:3      | Reached skill level 5 in Stealth
  2959 | D:3      | Reached skill level 5 in Summonings
  2959 | D:3      | Reached XP level 6. HP: 29/33 MP: 6/11
  3038 | D:3      | Noticed Robin
  3080 | D:3      | Slain by a quokka

Illustrated notes

Levels and vault maps discovered:
D:1:      co_arrival_square_in_a_square_in_a_square, layout_loops_cross
D:2:      layout_basic, nicolae_hexahallways
D:3:      layout_loops_cross, gammafunk_temple_overflow_forgotten,
          shapermc_ecumenical_altar_pompeii, uniq_robin, uniq_sigmund

Skill      XL: |  1  2  3  4  5 |
---------------+----------------+-----
Stealth        | 3 5 |  5.2
Dodging        | 3 |  3.8
Spellcasting   | 3 |  3.6
Short Blades   | 1 |  1.2
Summonings     | 5 |  5.2
Fighting       | |  0.4

Action                   |  1- 3 |  4- 6 || total
-------------------------+-------+-------++-------
Melee: Unarmed           |    79 |    22 ||   101
       Punch             |     1 |       ||     1
       Dagger            |       |    38 ||    38
 Cast: Summon Small Mamm |    23 |     2 ||    25
       Call Imp          |    11 |     4 ||    15
       Call Canine Famil |       |     7 ||     7
  Use: Potion            |     1 |       ||     1
 Stab: Sleeping          |     2 |     5 ||     7
       Distracted        |     1 |       ||     1
Armor: Robe              |    20 |    10 ||    30
       Skin              |     5 |     1 ||     6
Dodge: Dodged            |    75 |    34 ||   109

Table legend: (Time is in decaauts)
 A = Elapsed time spent in this place.
 B = Non-inter-level travel time spent in this place.
 C = Inter-level travel time spent in this place.
 D = Time resting spent in this place.
 E = Time spent auto-exploring this place.
 F = Levels seen in this place.
 G = Mean time per level.
                   A        B        C        D        E       F      G
               +--------+--------+--------+--------+--------+-----+--------+
         Total |   3078 |   2941 |    137 |    187 |   2117 |   3 | 1026.0 |
       Dungeon |   3078 |   2941 |    137 |    187 |   2117 |   3 | 1026.0 |
               +--------+--------+--------+--------+--------+-----+--------+

Top non-repeatable levels by time:
     D:2: 2009 daAuts
     D:1: 912 daAuts
     D:3: 156 daAuts
